NWL (28 & UNDER)
CASPER GHOSTS @ RED DEER WRANGLERS
06/29/2028
 
TOP OF THE 1ST
Casper Ghosts batting - Pitching for Red Deer Wranglers : RHP Ray Kimball
Pitching: RHP Ray Kimball
Batting: SHB Ricardo Arévalo 0-0: Called Strike
0-1: Ball
1-1: Ball
2-1: Called Strike
2-2: Foul Ball, location: 2F
2-2: Strikes out swinging
Batting: RHB Júlio Sánchez 0-0: Called Strike
0-1: Ball
1-1: Foul Ball, location: 2F
1-2: Ball
2-2: Ball
3-2: SINGLE (Line Drive, 8LS)
Batting: SHB Dave Henley 0-0: Ball
1-0: Ball
2-0: Called Strike
2-1: Called Strike
2-2: Ball
3-2: SINGLE (Line Drive, 6D)
Júlio Sánchez to second
Batting: RHB Juan García 0-0: Ball
1-0: Foul Ball, location: 2F
1-1: Swinging Strike
1-2: Ball
2-2: 3-RUN HOME RUN (Flyball, 7D), Distance : 361 ft
Batting: RHB Mark Arnold 0-0: Called Strike
0-1: Called Strike
0-2: Foul Ball, location: 2F
0-2: Strikes out swinging
Batting: RHB Troy Reed 0-0: Ball
1-0: Ground out 5-3 (Groundball, 56)
Top of the 1st over - 3 run(s), 3 hit(s), 0 error(s), 0 left on base; Casper 3 - Red Deer 0
BOTTOM OF THE 1ST
Red Deer Wranglers batting - Pitching for Casper Ghosts : LHP Ben Reyes
Pitching: LHP Ben Reyes
Batting: RHB Xavier López 0-0: Bunted foul
0-1: Foul Ball, location: 2F
0-2: Strikes out looking
Batting: LHB Jorge Olvera 0-0: Fly out, F9 (Flyball, 89XD)
Batting: RHB Allen Brown 0-0: Foul Ball, location: 2F
0-1: Called Strike
0-2: Ball
1-2: Strikes out swinging
Bottom of the 1st over - 0 run(s), 0 hit(s), 0 error(s), 0 left on base; Casper 3 - Red Deer 0
TOP OF THE 2ND
Casper Ghosts batting - Pitching for Red Deer Wranglers : RHP Ray Kimball
Batting: RHB Robert Acosta 0-0: Ball
1-0: Ground out 6-3 (Groundball, 6)
Batting: RHB Aurelio Cruz 0-0: Foul Ball, location: 2F
0-1: Foul Ball, location: 2F
0-2: Ground out 6-3 (Groundball, 6)
Batting: RHB Hunter Plunket 0-0: SINGLE (Groundball, 6MD)
Batting: SHB Ricardo Arévalo 0-0: Ball
1-0: Foul Ball, location: 2F
1-1: Called Strike
1-2: Strikes out swinging
Top of the 2nd over - 0 run(s), 1 hit(s), 0 error(s), 1 left on base; Casper 3 - Red Deer 0
BOTTOM OF THE 2ND
Red Deer Wranglers batting - Pitching for Casper Ghosts : LHP Ben Reyes
Batting: LHB Fred Abrams 0-0: Called Strike
0-1: Called Strike
0-2: Ball
1-2: Strikes out swinging
Batting: RHB Luis Ibarra 0-0: Ball
1-0: Ball
2-0: Ball
3-0: Base on Balls
Batting: LHB Alejandro Rojas 0-0: Ball
1-0: SINGLE (Groundball, 4MD)
Luis Ibarra to second
Pitching: LHP Manuel Perea
Batting: SHB Robbie Rhodes 0-0: Called Strike
0-1: Ball
1-1: Called Strike
1-2: Ball
2-2: Ball
3-2: Base on Balls
Luis Ibarra to third
Alejandro Rojas to second
Batting: LHB Héctor Santos 0-0: Swinging Strike
0-1: Foul Ball, location: 2F
0-2: Foul Ball, location: 2F
0-2: Strikes out swinging
Batting: RHB Steve Burton 0-0: Foul Ball, location: 2F
0-1: Ball
1-1: Ball
2-1: Ball
3-1: Base on Balls
Luis Ibarra scores
Alejandro Rojas to third
Robbie Rhodes to second
Batting: RHB Xavier López 0-0: Ball
1-0: Called Strike
1-1: SINGLE (Line Drive, 34)
Alejandro Rojas scores
Robbie Rhodes to third
Steve Burton to second
Batting: LHB Jorge Olvera 0-0: Called Strike
0-1: Ball
1-1: Fly out, F9 (Flyball, 9S)
Bottom of the 2nd over - 2 run(s), 2 hit(s), 0 error(s), 3 left on base; Casper 3 - Red Deer 2
TOP OF THE 3RD
Casper Ghosts batting - Pitching for Red Deer Wranglers : RHP Ray Kimball
Batting: RHB Júlio Sánchez 0-0: Swinging Strike
0-1: Ball
1-1: Foul Ball, location: 2F
1-2: SOLO HOME RUN (Line Drive, 7D), Distance : 361 ft
Batting: SHB Dave Henley 0-0: Called Strike
0-1: Foul Ball, location: 2F
0-2: Ball
1-2: Ground out U3 (Groundball, 3)
Batting: RHB Juan García 0-0: Ground out 5-3 (Groundball, 56S)
Batting: RHB Mark Arnold 0-0: Foul Ball, location: 2F
0-1: Ball
1-1: Called Strike
1-2: Foul Ball, location: 2F
1-2: SINGLE (Line Drive, 6MD)
Batting: RHB Troy Reed Pickoff Throw to First - Out!
Top of the 3rd over - 1 run(s), 2 hit(s), 0 error(s), 0 left on base; Casper 4 - Red Deer 2
BOTTOM OF THE 3RD
Red Deer Wranglers batting - Pitching for Casper Ghosts : LHP Manuel Perea
Batting: RHB Allen Brown 0-0: Ball
1-0: Called Strike
1-1: Ball
2-1: Foul Ball, location: 2F
2-2: Ball
3-2: Foul Ball, location: 2F
3-2: Ground out U3 (Groundball, 34S)
Batting: LHB Fred Abrams 0-0: Foul Ball, location: 2F
0-1: Foul Ball, location: 2F
0-2: Foul Ball, location: 2F
0-2: Strikes out swinging
Batting: RHB Luis Ibarra 0-0: Ball
1-0: Foul Ball, location: 2F
1-1: Foul Ball, location: 2F
1-2: Fly out, F7 (Flyball, 7S)
Bottom of the 3rd over - 0 run(s), 0 hit(s), 0 error(s), 0 left on base; Casper 4 - Red Deer 2
TOP OF THE 4TH
Casper Ghosts batting - Pitching for Red Deer Wranglers : RHP Ray Kimball
Batting: RHB Troy Reed 0-0: Foul Ball, location: 2F
0-1: Foul Ball, location: 2F
0-2: Ball
1-2: Ball
2-2: Strikes out swinging
Batting: RHB Robert Acosta 0-0: Fly out, F9 (Flyball, 9)
Batting: RHB Aurelio Cruz 0-0: Called Strike
0-1: Swinging Strike
0-2: Ball
1-2: Strikes out swinging
Top of the 4th over - 0 run(s), 0 hit(s), 0 error(s), 0 left on base; Casper 4 - Red Deer 2
BOTTOM OF THE 4TH
Red Deer Wranglers batting - Pitching for Casper Ghosts : LHP Manuel Perea
Batting: LHB Alejandro Rojas 0-0: Ball
1-0: Ground out 5-3 (Groundball, 56S)
Batting: SHB Robbie Rhodes 0-0: Ball
1-0: Ball
2-0: Called Strike
2-1: Called Strike
2-2: Foul Ball, location: 2F
2-2: Ball
3-2: Strikes out swinging
Batting: LHB Héctor Santos 0-0: Called Strike
0-1: Swinging Strike
0-2: Ball
1-2: Strikes out swinging
Bottom of the 4th over - 0 run(s), 0 hit(s), 0 error(s), 0 left on base; Casper 4 - Red Deer 2
TOP OF THE 5TH
Casper Ghosts batting - Pitching for Red Deer Wranglers : RHP Ray Kimball
Batting: RHB Hunter Plunket 0-0: Ball
1-0: Foul Ball, location: 2F
1-1: Foul Ball, location: 2F
1-2: Ball
2-2: Strikes out swinging, 2-3 out at first.
Batting: SHB Ricardo Arévalo 0-0: Called Strike
0-1: SINGLE (Groundball, 6MD)
Batting: RHB Júlio Sánchez 0-0: Ball
1-0: Swinging Strike
1-1: Grounds into double play, 5-4-3 (Groundball, 5)
Top of the 5th over - 0 run(s), 1 hit(s), 0 error(s), 0 left on base; Casper 4 - Red Deer 2
BOTTOM OF THE 5TH
Red Deer Wranglers batting - Pitching for Casper Ghosts : LHP Manuel Perea
Batting: RHB Steve Burton 0-0: Swinging Strike
0-1: Called Strike
0-2: Foul Ball, location: 2F
Error on foul ball, E2
0-2: Ball
1-2: Ball
2-2: Ball
3-2: Foul Ball, location: 2F
3-2: Base on Balls
Pitching: LHP Luis Alemán
Batting: RHB Xavier López 0-0: Fly out, F8 (Flyball, 8LS)
Batting: LHB Jorge Olvera 0-0: Fly out, F6 (Popup, 6D)
Batting: RHB Allen Brown 0-0: Ball
1-0: Ball
Steve Burton is caught stealing 2nd base
Bottom of the 5th over - 0 run(s), 0 hit(s), 1 error(s), 0 left on base; Casper 4 - Red Deer 2
TOP OF THE 6TH
Casper Ghosts batting - Pitching for Red Deer Wranglers : RHP Ray Kimball
Batting: SHB Dave Henley 0-0: Ball
1-0: Fly out, F7 (Flyball, 78D)
Batting: RHB Juan García 0-0: Called Strike
0-1: Called Strike
0-2: Ball
1-2: Foul Ball, location: 2F
1-2: Ball
2-2: Fly out, F5 (Popup, 5L)
Batting: RHB Mark Arnold 0-0: Called Strike
0-1: Called Strike
0-2: Ball
1-2: Ground out 5-3 (Groundball, 56)
Top of the 6th over - 0 run(s), 0 hit(s), 0 error(s), 0 left on base; Casper 4 - Red Deer 2
BOTTOM OF THE 6TH
Red Deer Wranglers batting - Pitching for Casper Ghosts : LHP Luis Alemán
Batting: RHB Allen Brown 0-0: Ball
1-0: Ball
2-0: Ball
3-0: Base on Balls
Batting: LHB Fred Abrams 0-0: Swinging Strike
0-1: Swinging Strike
0-2: Strikes out looking
Batting: RHB Luis Ibarra 0-0: Ball
1-0: Ball
2-0: Called Strike
2-1: Swinging Strike
2-2: Foul Ball, location: 2F
2-2: Ball
3-2: 2-RUN HOME RUN (Flyball, 78XD), Distance : 417 ft
Pitching: RHP Willie Alexander
Batting: LHB Alejandro Rojas 0-0: Reached on error, E1 (Groundball, P)
Batting: SHB Robbie Rhodes 0-0: Foul Ball, location: 2F
0-1: Swinging Strike
0-2: Ball
1-2: Ground out 1-3 (Groundball, 15)
Batting: LHB Héctor Santos 0-0: Foul Ball, location: 2F
0-1: Swinging Strike
0-2: Strikes out swinging
Bottom of the 6th over - 2 run(s), 1 hit(s), 1 error(s), 1 left on base; Casper 4 - Red Deer 4
TOP OF THE 7TH
Casper Ghosts batting - Pitching for Red Deer Wranglers : RHP Ray Kimball
Batting: RHB Troy Reed 0-0: Foul Ball, location: 2F
0-1: Ball
1-1: Ground out 6-3 (Groundball, 6)
Pinch Hitting: LHB Ralph Cobb 0-0: Fly out, F4 (Popup, 3D)
Batting: RHB Aurelio Cruz 0-0: Called Strike
0-1: Swinging Strike
0-2: Foul Ball, location: 2F
0-2: SINGLE (Groundball, 6D)
Pinch Hitting: LHB Ramón Córdova 0-0: Ball
1-0: Called Strike
Aurelio Cruz steals 2nd base
1-1: Foul Ball, location: 2F
1-2: Foul Ball, location: 2F
1-2: Ball
2-2: Ball
3-2: Base on Balls
Pitching: RHP Jeffery Lockhart
Batting: SHB Ricardo Arévalo 0-0: Called Strike
0-1: Swinging Strike
0-2: Strikes out swinging
Top of the 7th over - 0 run(s), 1 hit(s), 0 error(s), 2 left on base; Casper 4 - Red Deer 4
BOTTOM OF THE 7TH
Red Deer Wranglers batting - Pitching for Casper Ghosts : RHP Willie Alexander
Now in LF: Ralph Cobb
Now in RF: Ramón Córdova
Batting: RHB Steve Burton 0-0: Called Strike
0-1: Foul Ball, location: 2F
0-2: Ball
1-2: Ball
2-2: SINGLE (Line Drive, 56D)
Batting: RHB Xavier López 0-0: DOUBLE (Line Drive, 7LM)
Steve Burton to third
Batting: LHB Jorge Olvera 0-0: Intentional Walk
Batting: RHB Allen Brown 0-0: Ball
1-0: Foul Ball, location: 2F
1-1: Swinging Strike
1-2: Strikes out looking
Batting: LHB Fred Abrams 0-0: Swinging Strike
0-1: Foul Ball, location: 2F
0-2: Foul Ball, location: 2F
0-2: Foul Ball, location: 2F
0-2: Strikes out swinging
Batting: RHB Luis Ibarra 0-0: Ball
1-0: Ball
2-0: Ball
3-0: Called Strike
3-1: Base on Balls
Steve Burton scores
Xavier López to third
Jorge Olvera to second
Batting: LHB Alejandro Rojas 0-0: Called Strike
0-1: Ball
1-1: SINGLE (Line Drive, 56D)
Xavier López scores
Jorge Olvera to third
Luis Ibarra to second
Runner from 3rd tries for Home, SAFE, no throw
Pitching: RHP Christian Adkins
Batting: SHB Robbie Rhodes 0-0: Called Strike
0-1: Fly out, F7 (Line Drive, 7S)
Bottom of the 7th over - 3 run(s), 3 hit(s), 0 error(s), 2 left on base; Casper 4 - Red Deer 7
TOP OF THE 8TH
Casper Ghosts batting - Pitching for Red Deer Wranglers : RHP Jeffery Lockhart
Batting: RHB Júlio Sánchez 0-0: Called Strike
0-1: Ball
1-1: Ground out 6-3 (Groundball, 6)
Batting: SHB Dave Henley 0-0: Called Strike
0-1: Ball
1-1: Swinging Strike
1-2: Ball
2-2: Ground out 4-3 (Groundball, 4)
Batting: RHB Juan García 0-0: Called Strike
0-1: Foul Ball, location: 2F
0-2: Ball
1-2: SINGLE (Groundball, 3D)
Batting: RHB Mark Arnold 0-0: Called Strike
0-1: Ball
1-1: Called Strike
1-2: Fielders Choice at 2nd, 5-4 (Groundball, 5)
Top of the 8th over - 0 run(s), 1 hit(s), 0 error(s), 0 left on base; Casper 4 - Red Deer 7
BOTTOM OF THE 8TH
Red Deer Wranglers batting - Pitching for Casper Ghosts : RHP Christian Adkins
Batting: LHB Héctor Santos 0-0: Ball
1-0: Called Strike
1-1: Called Strike
1-2: Strikes out swinging
Batting: RHB Steve Burton 0-0: Swinging Strike
0-1: Foul Ball, location: 2F
0-2: Foul Ball, location: 2F
0-2: Reached on error, E4 (Groundball, 4)
Batting: RHB Xavier López 0-0: Swinging Strike
0-1: Ball
1-1: Ball
2-1: Fly out, F7 (Flyball, 78M)
Batting: LHB Jorge Olvera 0-0: Ball
1-0: Fielders Choice at 2nd, U4 (Groundball, 4M)
Bottom of the 8th over - 0 run(s), 0 hit(s), 1 error(s), 1 left on base; Casper 4 - Red Deer 7
TOP OF THE 9TH
Casper Ghosts batting - Pitching for Red Deer Wranglers : RHP Jeffery Lockhart
Batting: RHB Troy Reed 0-0: Foul Ball, location: 2F
0-1: Foul Ball, location: 2F
0-2: Strikes out swinging
Batting: LHB Ralph Cobb 0-0: Ground out 6-3 (Groundball, 6M)
Batting: RHB Aurelio Cruz 0-0: Ball
1-0: Ball
2-0: Fly out, F9 (Line Drive, 9)
Top of the 9th over - 0 run(s), 0 hit(s), 0 error(s), 0 left on base; Casper 4 - Red Deer 7
Tuesday, August 8th, 2017 - OOTP Baseball 17.12 Build 75